 Dungeon Crawl Stone Soup version 0.32-a0-898-g7811c86cf0 (webtiles) character file.

Game seed: 11139856567420524772

782 Heh the Slasher (level 7, 0/55 HPs)
             Began as a Coglin Monk on Apr 5, 2024.
             Was a Priest of Beogh.
             Slain by Bogdar the orc apostle
             ... wielding a +2 great mace of protection
              (15 damage)
             ... on level 5 of the Dungeon.
             The game lasted 00:06:34 (3449 turns).

Heh the Slasher (Coglin Monk)                       Turns: 3449, Time: 00:06:35

Health: 0/55       AC:  4    Str: 15    XL:     7   Next: 86%
Magic:  7/7        EV: 13    Int: 10    God:    Beogh [***...]
Gold:   205        SH:  0    Dex: 18    Spells: 6/6 levels left

rFire   . . .        s - +2 war axe (vamp) {Akihito}
rCold   . . .        q - +2 war axe (protect) {Xiang}
rNeg    . . .        u - +2 robe of Brilliance {Will+ Str+4}
rPois   .            (no helmet)
rElec   .            (no cloak)
rCorr   .            (no gloves)
SInv    .            (no boots)
Will    +....        (amulet unavailable)
Stlth   +            (ring unavailable)
HPRegen 0.29/turn    (ring unavailable)
MPRegen 0.10/turn    (no gizmo)

%: no passive effects
@: confused, ambrosia-drunk, revving
A: off-hand wielding, slow wielding, warmup strikes, no jewellery
a: Invent Gizmo, Renounce Religion, Smiting


You were on level 5 of the Dungeon.
You worshipped Beogh.
Beogh was most pleased with you.
You visited 1 branch of the dungeon, and saw 5 of its levels.
You also visited: Ossuary.

You collected 205 gold pieces.

Inventory:

Hand Weapons
 a - a +0 falchion {Zolin}
 f - a +0 dagger {Yuphin}
 o - a +3 dagger of venom {Tejnoor}
 q - a +2 war axe of protection (offhand) {Xiang}
 r - a +0 broad axe
 s - a +2 vampiric war axe (weapon) {Akihito}
Missiles
 i - 5 javelins (quivered)
Armour
 b - a +0 robe
 d - an orb of light
 g - a +0 ring mail
 l - a +0 scale mail
 u - the +2 robe of Brilliance (worn) {Will+ Str+4}
   (You found it on level 4 of the Dungeon)

   Str+4:     It affects your strength (+4).
   Will+:     It increases your willpower.
Wands
 t - a wand of charming (9)
 x - a wand of flame (7)
Scrolls
 j - a scroll of fog
 k - a scroll of identify
 y - a scroll of enchant armour {unknown}
 B - a scroll of immolation {unknown}
 C - a scroll of fear {unknown}
Potions
 e - a potion of haste {unknown}
 n - a potion of invisibility {unknown}
 v - a potion of berserk rage {unknown}
 w - 2 potions of mutation {unknown}
 z - 2 potions of brilliance {unknown}
 D - 2 potions of degeneration {unknown}
 E - a potion of lignification {unknown}
 F - a potion of might {unknown}


   Skills:
 + Level 4.8 Fighting
 - Level 5.1 Long Blades
 * Level 5.1 Axes
 - Level 4.0 Dodging


You had 6 spell levels left.
You didn't know any spells.
Your spell library contained the following spells:

 Spells                   Type           Power      Damage    Failure   Level
 Apportation              Tloc           0%         N/A       36%         1
 Magic Dart               Conj           0%         1d3       36%         1
 Blink                    Tloc           0%         N/A       50%         2
 Call Imp                 Summ           0%         N/A       50%         2
 Ensorcelled Hibernation  Hex/Ice        0%         N/A       50%         2
 Jinxbite                 Hex            0%         N/A       50%         2
 Passwall                 Erth           0%         N/A       75%         3
 Swiftness                Air            0%         N/A       75%         3
 Alistair's Intoxication  Alch           0%         N/A       100%        5


Dungeon Overview and Level Annotations

Branches:
Dungeon (5/15)            Ossuary (visited)
 Temple: D:4-7

Altars:
Sif Muna
Uskayaw


Innate Abilities, Weirdness & Mutations

Your facial features look somewhat orcish.
You can wield a second weapon in your off-hand.
It takes a long time for you to wield or remove held weapons.
Your first few attacks do less damage.
You cannot equip rings or amulets.


Message History

You feel better.
Bogdar hits you with a +2 great mace of protection!
You closely miss Bogdar with your +2 war axe of holy wrath.
Bogdar is lightly wounded.
You hit Bogdar but do no damage.
Bogdar hits you with a +2 great mace of protection!
You feel better. Bogdar closely misses you.
Okay, then.
As you read the scroll labelled JEHARI AFORY, it dissolves into smoke.
It was a scroll of fog.
Bogdar closely misses you. Bogdar attacks as she pursues you!
Bogdar barely misses you.
You hear a distant slurping noise.
Okay, then.
You are confused.
You feel invigorated. Bogdar misses you.
You bump into the rock wall.
Bogdar hits you with a +2 great mace of protection!!
You hit Bogdar but do no damage.
Bogdar is lightly wounded.
You closely miss Bogdar with your +2 war axe of holy wrath.
Bogdar hits you with a +2 great mace of protection!
* * * LOW HITPOINT WARNING * * *
You feel better.
You feel less invigorated. Bogdar closely misses you.
As you read the scroll labelled GUPPEMAGACS, it crumbles to dust.
It is a scroll of identify.
A - a scroll of brand weapon Bogdar hits you with a +2 great mace of protection!
As you read the scroll of brand weapon, it crumbles to dust.
Your +2 war axe of holy wrath {Xiang} projects an invisible shield of force!
q - a +2 war axe of protection (offhand) {Xiang} Bogdar hits you with a +2 great mace of protection!
* * * LOW HITPOINT WARNING * * *
You hit Bogdar but do no damage.
You closely miss Bogdar with your +2 war axe of protection.
Bogdar hits you but does no damage. Bogdar barely misses you.
You are confused.
You feel invigorated.
Bogdar hits you with a +2 great mace of protection!
You die...
Beogh appreciates Bogdar's killing of a heretic priest.

.. #...#....###.###
## #..............#
... #...#.##.###.#.#
.... #.....##.# #.#.#
..?..#§§§§. ..# #.#.#
:....§§§§#+#+#.##.#.#
##§§# ..#.#.#
#o#########..#.# #@+
#...#.'.##.#
#§###...###....#
#.'.#...#.'.####
#.###.#####.# ##..#.#
#..## ##.#'#+#.##
#####.....##
............#
#############


You could see Bogdar the orc apostle (divinely empowered).

Vanquished Creatures
  A weeping skull (Ossuary)
  6 water moccasin zombies (Ossuary)
  A jelly (D:4)
  Jessica (D:2)
  An iguana (D:3)
  2 scorpion zombies (D:5)
  An orc wizard (D:3)
  A bullfrog simulacrum (Ossuary)
  A crocodile zombie (Ossuary)
  A hound zombie (D:5)
  2 mummies (Ossuary)
  An adder (D:4)
  2 ufetubi (D:3)
  An adder skeleton (D:5)
  5 adder zombies (Ossuary)
  5 orcs
  9 bats
  4 endoplasms
  3 giant cockroaches
  12 gnoll zombies (Ossuary)
  10 goblins
  5 hobgoblins
  4 quokkas
  8 ball pythons
  6 frilled lizards
  4 jackal zombies (Ossuary)
  11 kobolds
  An orc zombie (Ossuary)
  8 rats
117 creatures vanquished.

Notes
Turn   | Place    | Note
-------+----------+-------------------------------------------
     0 | D:1      | Heh the Coglin Monk began the quest for the Orb.
     0 | D:1      | Reached XP level 1. HP: 18/18 MP: 1/1
    59 | D:1      | Reached XP level 2. HP: 13/24 MP: 2/2
   520 | D:1      | Reached XP level 3. HP: 26/29 MP: 3/3
   888 | D:2      | Noticed Jessica
   898 | D:2      | Killed Jessica
   899 | D:2      | Reached XP level 4. HP: 20/35 MP: 4/4
   999 | D:2      | Reached skill level 5 in Long Blades
  1063 | D:2      | Found a shimmering blue altar of Sif Muna.
  1592 | D:3      | Found a hide-covered altar of Uskayaw.
  1753 | D:3      | Reached XP level 5. HP: 24/41 MP: 5/5
  1942 | D:3      | Reached skill level 1 in Axes
  2462 | D:4      | Identified the +2 robe of Brilliance {Will+ Str+4}
  2493 | D:4      | Became a worshipper of Beogh the Shepherd
  2493 | D:4      | Reached * piety under Beogh
  2493 | D:4      | Reached ** piety under Beogh
  2953 | D:5      | Entered Level 5 of the Dungeon
  2990 | D:5      | Reached XP level 6. HP: 42/47 MP: 6/6
  3002 | D:5      | Found a sand-covered staircase.
  3015 | Ossuary  | Entered an ossuary
  3139 | Ossuary  | Reached XP level 7. HP: 49/54 MP: 7/7
  3227 | Ossuary  | Reached *** piety under Beogh
  3253 | Ossuary  | Reached skill level 5 in Axes
  3421 | D:5      | Noticed Bogdar
  3449 | D:5      | Slain by Bogdar the orc apostle

Illustrated notes

Levels and vault maps discovered:
D:1:      dpeg_arrival_orchard, layout_loops_ring, grunt_decor_fettered,
          amethyst_killhole, minmay_stone_trees_small, minmay_indecisive_spiral
D:2:      layout_rooms, basic_altar, serial_bayou_lake_a, uniq_jessica
D:3:      layout_loops_ring, nicolae_uskayaw_suspiria
D:4:      layout_rooms, kennysheep_generic_room_7
D:5:      layout_basic, mainiacjoe_ossuary_entry_find_the_door

Skill      XL: |  1  2  3  4  5  6  7 |
---------------+----------------------+-----
Long Blades    | 4 5 |  5.1
Dodging        | 3 4 |  4.0
Axes           | 2 3 5 |  5.1
Fighting       | 4 |  4.8

Action                     |  1- 3 |  4- 6 |  7- 9 || total
---------------------------+-------+-------+-------++-------
  Melee: Falchion          |    97 |    51 |       ||   148
         Dagger            |    54 |    52 |       ||   106
         War axe           |       |   130 |    91 ||   221
  Throw: Javelin           |       |       |     1 ||     1
 Invoke: Convert to Beogh  |       |     1 |       ||     1
  Evoke: Wand              |       |       |     3 ||     3
    Use: Potion            |       |       |     8 ||     8
         Scroll            |       |       |     4 ||     4
 Armour: Robe              |    32 |    28 |    36 ||    96
         Ring mail         |    30 |    45 |       ||    75
         Scale mail        |       |     1 |       ||     1
  Dodge: Dodged            |    95 |    59 |    27 ||   181

Table legend: (Time is in decaauts)
 A = Elapsed time spent in this place.
 B = Non-inter-level travel time spent in this place.
 C = Inter-level travel time spent in this place.
 D = Time resting spent in this place.
 E = Time spent auto-exploring this place.
 F = Levels seen in this place.
 G = Mean time per level.
                   A        B        C        D        E       F      G
               +--------+--------+--------+--------+--------+-----+--------+
         Total |   3521 |   3373 |    148 |      0 |   2541 |   6 |  586.8 |
       Dungeon |   3114 |   2966 |    148 |      0 |   2290 |   5 |  622.8 |
       Ossuary |    406 |    406 |      0 |      0 |    251 |   1 |  406.0 |
               +--------+--------+--------+--------+--------+-----+--------+

Top non-repeatable levels by time:
     D:3: 971 daAuts
     D:1: 890 daAuts
     D:2: 577 daAuts
     D:4: 556 daAuts
 Ossuary: 406 daAuts
     D:5: 118 daAuts
